 Dungeon Crawl Stone Soup version 0.26-a0-812-g31a745ddcd (webtiles) character file.

Game seed: 9396924548214603452

30 muata the Sneak (level 3, -2/27 HPs)
             Began as a Vampire Brigand on Nov 13, 2020.
             Slain by a kobold
             ... wielding a +0 whip
              (3 damage)
             ... on level 1 of the Dungeon.
             The game lasted 00:04:19 (918 turns).

muata the Sneak (Vampire Brigand)                    Turns: 918, Time: 00:04:19

Health: -2/27      AC:  4    Str: 10    XL:     3   Next: 3%
Magic:  3/3        EV: 12    Int: 13    God:
Gold:   64         SH:  0    Dex: 16    Spells: 2/2 levels left

rFire    . . .     SeeInvis +   a - +2 dagger
rCold    . . .     Faith    .   (no shield)
rNeg     . . .     Spirit   .   i - +0 leather armour
rPois    .         Reflect  .   (no helmet)
rElec    .         Harm     .   c - +0 cloak
rCorr    .         Rampage  .   (no gloves)
MR       .....                  (no boots)
Stlth    +++.......             (no amulet)
HPRegen  0.29/turn              (no ring)
MPRegen  0.08/turn              (no ring)

@: lethally poisoned (-2 -> -5), regenerating quickly
A: fangs 3, see invisible, unbreathing
a: Exsanguinate


You were on level 1 of the Dungeon.
You visited 1 branch of the dungeon, and saw 2 of its levels.

You collected 64 gold pieces.

Inventory:

Hand Weapons
 a - a +2 dagger (weapon)
Missiles
 d - 8 poisoned darts (quivered)
 e - 2 curare-tipped darts
Armour
 b - a +0 robe
 c - a +0 cloak (worn)
 i - a +0 leather armour (worn)
Scrolls
 f - 2 scrolls of enchant armour {unknown}
 g - 2 scrolls of teleportation {unknown}
 h - 2 scrolls of identify {unknown}


   Skills:
 + Level 2.2 Fighting
 + Level 2.7 Short Blades
 - Level 1.5 Throwing
 + Level 1.9 Dodging
 + Level 6.3 Stealth


You had 2 spell levels left.
You didn't know any spells.
Your spell library was empty.

Dungeon Overview and Level Annotations

Branches:
Dungeon (2/15)

Altars:


Innate Abilities, Weirdness & Mutations

Your natural rate of healing is unusually fast.
You have razor-sharp teeth.
You have supernaturally acute eyesight. (SInv)
You can survive without breathing.


Message History

The kobold closely misses you.
You miss the adder. The adder closely misses you.
You hit the adder.
The adder is moderately wounded.
You feel sick. The kobold hits you with a +0 whip.
* * * LOW HITPOINT WARNING * * *
The adder bites you.
* * * LOW HITPOINT WARNING * * *
You are lethally poisoned!
The adder poisons you!
You closely miss the adder.
The adder is moderately wounded.
The kobold hits you but does no damage. The adder misses you.
You completely miss the adder.
The adder is moderately wounded.
* * * LOW HITPOINT WARNING * * *
You feel sick. The adder bites you.
* * * LOW HITPOINT WARNING * * *
The kobold hits you with a +0 whip.
You die...

#........#
#.#.#.#..##
#.........#
#######.#.#.#.#.###
#.............#...#
#......######..##..
#......# #........
#..S...## #........
#.@.....# #.......#
#K......#######.###
#................>#
#......#......#.#.#
########.#PPP......
##'###PP#....
########
#<.+.###P##.#
#......# #..#.)##P
#.# #......#
#####'#####..


You could see an adder and a kobold.

Vanquished Creatures
  An adder (D:1)
  A dart slug (D:1)
  A ball python (D:1)
  A hobgoblin (D:1)
  6 jackals (D:1)
  2 bats (D:1)
  A frilled lizard (D:1)
  3 kobolds (D:1)
  2 rats (D:1)
18 creatures vanquished.

Notes
Turn   | Place    | Note
-------+----------+-------------------------------------------
     0 | D:1      | muata the Vampire Brigand began the quest for the Orb.
     0 | D:1      | Reached XP level 1. HP: 16/16 MP: 1/1
   188 | D:1      | Reached skill level 6 in Stealth
   240 | D:1      | Reached XP level 2. HP: 9/22 MP: 2/2
   914 | D:1      | Reached XP level 3. HP: 13/27 MP: 3/3
   918 | D:1      | HP: 1/27 [adder (2)]
   918 | D:1      | Slain by a kobold

Illustrated notes

Levels and vault maps discovered:
D:1:      sevenhm_arrival_forest_fort_small_3, layout_rooms, serial_glass,
          glass_columns_b, glass_columns_a, interstate_on_off,
          kennysheep_decorative_pillar, minmay_misc_feat_four_crosses,
          serial_park_tiny_pond
D:2:      layout_basic, ashenzari_altar_1, kennysheep_okawaru_gauntlet

Skill      XL: |  1 |
---------------+----+-----
Stealth        | 6 |  6.3
Fighting       | 2 |  2.2
Short Blades   | |  2.7
Throwing       | |  1.5
Dodging        | |  1.9

Action                   || total
-------------------------++-------
Melee: Dagger            ||    61
       Bite              ||     2
 Stab: Sleeping          ||     5
Armor: Robe              ||    11
       Leather armour    ||     7
Dodge: Dodged            ||    66

Table legend: (Time is in decaauts)
 A = Elapsed time spent in this place.
 B = Non-inter-level travel time spent in this place.
 C = Inter-level travel time spent in this place.
 D = Time resting spent in this place.
 E = Time spent auto-exploring this place.
 F = Levels seen in this place.
 G = Mean time per level.
                   A        B        C        D        E       F      G
               +--------+--------+--------+--------+--------+-----+--------+
         Total |    911 |    900 |     11 |    106 |    498 |   2 |  455.5 |
       Dungeon |    911 |    900 |     11 |    106 |    498 |   2 |  455.5 |
               +--------+--------+--------+--------+--------+-----+--------+

Top non-repeatable levels by time:
     D:1: 852 daAuts
     D:2: 58 daAuts
